 Dungeon Crawl Stone Soup version 0.31.0-12-g77e489cdc1 (webtiles) character file.

Game seed: 946381307841093653

746 booth the Changeling (level 7, -1/60 HPs)
             Began as a Purple Draconian Shapeshifter on Feb 18, 2024.
             Was a Priest of Wu Jian.
             Succumbed to a kobold brigand's poison
             ... in a sewer.
             The game lasted 00:28:57 (4742 turns).

booth the Changeling (DrSh)                         Turns: 4742, Time: 00:28:58

Health: -1/60      AC:  6    Str: 19    XL:     7   Next: 48%
Magic:  7/7        EV: 12    Int: 10    God:    Wu Jian [***...]
Gold:   87         SH:  0    Dex: 10    Spells: 6/6 levels left

rFire   . .          .
                       - Unarmed
rCold   . . .        (no shield)
rNeg    . . .        (body armour unavailable)
rPois   .            (helmet currently unavailable)
rElec   .            (cloak currently unavailable)
rCorr   .            (gloves currently unavailable)
SInv    .            (boots currently unavailable)
Will    +....        (no amulet)
Stlth   +            (no ring)
HPRegen 0.30/turn    (no ring)
MPRegen 0.10/turn

%: no passive effects
@: lethally poisoned (-1 -> -13), beast-form
A: beast (slay +3), breathe power, AC +6, unfitting armour, cold-blooded
a: Breathe Dispelling Energy, Begin Untransformation, Renounce Religion, Wall
Jump, Serpent's Lash


You were in a sewer.
You worshipped Wu Jian.
Wu Jian was most pleased with you.
You were a hulking beast.
You visited 1 branch of the dungeon, and saw 5 of its levels.
You also visited: Sewer.

You collected 277 gold pieces.
You spent 190 gold pieces at shops.

Inventory:

Missiles
 h - 15 poisoned darts (quivered)
 i - 6 javelins
 w - 2 curare-tipped darts
Armour
 t - a +0 cloak
Jewellery
 o - a ring of flight
Talismans
 b - a beast talisman
 c - a flux talisman
 m - a serpent talisman
Wands
 v - a wand of flame (21)
Scrolls
 d - 2 scrolls of poison
 g - a scroll of noise {unknown}
 n - a scroll of amnesia {unknown}
 p - a scroll of vulnerability
 q - a scroll of torment {unknown}
 s - 3 scrolls of enchant weapon
 u - 2 scrolls of teleportation
 y - a scroll of fear {unknown}
Potions
 a - a potion of lignification
 f - 2 potions of cancellation
 j - 3 potions of curing
 k - a potion of brilliance
 l - a potion of resistance
 r - a potion of ambrosia {unknown}
 x - a potion of magic {unknown}
 z - a potion of might {unknown}


   Skills:
 + Level 4.6 Fighting
 - Level 2.6 Dodging
 - Level 4.2 Unarmed Combat
 * Level 6.3 Shapeshifting


You had 6 spell levels left.
You didn't know any spells.
Your spell library contained the following spells:

 Spells                   Type           Power      Damage    Failure   Level
 Magic Dart               Conj           0%         1d3       36%         1
 Blink                    Tloc           0%         N/A       50%         2
 Call Imp                 Summ           0%         N/A       50%         2
 Mercury Vapours          Alch/Air       0%         N/A       50%         2
 Static Discharge         Conj/Air       0%         3-3/arc   50%         2
 Mephitic Cloud           Conj/Alch/Air  0%         N/A       75%         3
 Airstrike                Air            0%         2d(0-16)  98%         4
 Summon Lightning Spire   Summ/Air       0%         N/A       98%         4
 Freezing Cloud           Conj/Ice/Air   0%         6-21      100%        5


Dungeon Overview and Level Annotations

Branches:
Dungeon (5/15)              Sewer (1/1)
 Temple: D:4-7

Altars:
Ashenzari
Elyvilon
Makhleb
Vehumet
Wu Jian

Shops:
D:4 ==[!?   D:5 :


Innate Abilities, Weirdness & Mutations

You are a hulking beast.
Your limbs bulge with bestial killing power. (Slay +3)
You can breathe bolts of dispelling energy.
Your rich purple scales are hard. (AC +6)
You cannot fit into any form of body armour.
You are cold-blooded and may be slowed by cold attacks.


Message History

The poisoned dart barely misses you.
You spin and attack the kobold brigand.
You hit the kobold brigand.
The kobold brigand is heavily wounded.
You feel sick.
The kobold brigand hits you with a +0 dagger.
* * * LOW HITPOINT WARNING * * *
You spin and attack the kobold brigand.
You hit the kobold brigand.
The kobold brigand is heavily wounded.
You feel sick.
The kobold brigand hits you with a +0 dagger.
* * * LOW HITPOINT WARNING * * *
Blink to where?
Press: ? - help, Dir - move target Splash!
You fall into the shallow water.
Moving in this stuff is going to be slow.
As you read the scroll of blinking, it crumbles to dust.
You feel sick.
You feel better.
The kobold brigand throws a poisoned dart.
The poisoned dart misses you.
The kobold brigand throws a poisoned dart.
The poisoned dart hits you!
You are poisoned.
* * * LOW HITPOINT WARNING * * *
You feel very sick.
The kobold brigand throws a poisoned dart.
The poisoned dart closely misses you.
You enter the shallow water.
Moving in this stuff is going to be slow.
You feel sick.
You feel sick.
The kobold brigand throws a poisoned dart.
The poisoned dart hits you!
You are lethally poisoned!
You enter the shallow water.
Moving in this stuff is going to be slow.
* * * LOW HITPOINT WARNING * * *
You feel very sick.
You die...

#.†.# #~~.# ##§..# ###### .~..##
##K.~.# .~~~~#####
.~..#####..~~~# ####~.~)~#######
..~~~.K~.~~.### .~~~~###~~..~..##
#~~~.~~~~~####. ###### #.).~~~~~#
#...K~.~## #.~
.~~~~###~~~...~.####~.~..~.####..
####~.~~~####.~.h##~~~....~.##~~~
.~~~~##### ##~~~.~..~~~~~~.~.~..
###### ##~.....~.~..~~~.~.#
#~....~~.....~...~#
#~~~~~..∩.∩.~~~~~.#
#.~.............~~# ######
##~~.....~.~~.~.~~~# .~~~.#####
##~~~.~~.....~.~..~..
####~~~.~####..~.##~~~~~.~.~##.~~


There were no monsters in sight!

Vanquished Creatures
  Sigmund (D:4)
  An ogre (D:5)
  3 kobold brigands (Sewer)
  A hound (D:5)
  A bombardier beetle (D:3)
  A sleepcap (D:5)
  An iguana (D:4)
  A gnoll (D:1)
  3 adders
  3 river rats (Sewer)
  2 ribbon worms
  3 dart slugs
  4 orcs
  6 bats
  10 endoplasms
  3 giant cockroaches
  6 goblins
  7 hobgoblins
  7 jackals
  5 quokkas
  9 ball pythons
  2 frilled lizards (D:2)
  7 kobolds
  31 rats
118 creatures vanquished.

Notes
Turn   | Place    | Note
-------+----------+-------------------------------------------
     0 | D:1      | booth the Draconian Shapeshifter began the quest for the
                  | Orb.
     0 | D:1      | Reached XP level 1. HP: 16/16 MP: 1/1
   115 | D:1      | Reached XP level 2. HP: 8/23 MP: 2/2
   276 | D:1      | Found a faded altar of an unknown god.
   285 | D:1      | Prayed at the altar of an unknown god.
   285 | D:1      | Became a worshipper of the Wu Jian Council
   285 | D:1      | Reached * piety under Wu Jian
   441 | D:1      | Reached XP level 3. HP: 29/29 MP: 3/3
  1197 | D:2      | Found a white marble altar of Elyvilon.
  1295 | D:2      | Reached ** piety under Wu Jian
  1514 | D:2      | Reached XP level 4. HP: 36/36 MP: 4/4
  1915 | D:3      | Found a white marble altar of Elyvilon.
  1996 | D:3      | Reached skill level 4 in Shapeshifting
  2000 | D:3      | Found a burning altar of Makhleb.
  2018 | D:3      | Found a broken altar of Ashenzari.
  2430 | D:4      | Reached XP level 5. HP: 42/42 MP: 5/5
  2481 | D:4      | Reached *** piety under Wu Jian
  2601 | D:4      | Found Dowoit's Jewellery Emporium.
  2687 | D:4      | Noticed Sigmund
  2702 | D:4      | Killed Sigmund
  2703 | D:4      | Reached XP level 6. HP: 46/51 MP: 6/6
  2857 | D:4      | Found Ijama's Jewellery Boutique.
  2946 | D:4      | Found Leyguxus's Antique Armour Shop.
  2990 | D:4      | Found Caethren's Distillery.
  3066 | D:4      | Found Gokiq's Magic Scroll Shoppe.
  3072 | D:4      | Bought a scroll of identify for 20 gold pieces
  3072 | D:4      | Bought a scroll of enchant weapon for 75 gold pieces
  3072 | D:4      | Bought a scroll of enchant weapon for 75 gold pieces
  3072 | D:4      | Bought a scroll of identify for 20 gold pieces
  3293 | D:5      | Entered Level 5 of the Dungeon
  3420 | D:5      | Reached skill level 5 in Shapeshifting
  3676 | D:5      | Found Ryvixkec's Book Shoppe.
  3715 | D:5      | Found a radiant altar of Vehumet.
  3892 | D:5      | Found a glowing drain.
  3895 | Sewer    | Entered a sewer
  3949 | Sewer    | Your scales start taking on a rich purple colour.
  3949 | Sewer    | Reached XP level 7. HP: 42/59 MP: 7/7
  4168 | Sewer    | Reached skill level 6 in Shapeshifting
  4734 | Sewer    | HP: 3/60 [poisoned by an adder]
  4741 | Sewer    | HP: 2/60 [poisoned by a kobold brigand]
  4742 | Sewer    | Succumbed to a kobold brigand's poison

Illustrated notes

Levels and vault maps discovered:
D:1:      dpeg_arrival_fog, layout_loops_ring, basic_ecumenical_altar,
          minivault_5, grunt_decor_fettered
D:2:      layout_loops_ring, basic_altar, grunt_decor_arrowhead, minmay_rat_hole
D:3:      layout_basic, elyvilon_altar_5, mainiacjoe_overflow_swirl
D:4:      layout_basic, serial_shops, shop, kennysheep_mini_moat,
          nicolae_shop_tiny_real_fake_doors, shop, shop, uniq_sigmund
D:5:      layout_cave_pods, vehumet_altar_wand_db,
          mainiacjoe_sewer_entry_somewhere_in_here_1, serial_shops,
          nicolae_shop_temple_entry_statues_fountains, hangedman_decor_growths
Sewer:    sewer_co_tree

Skill      XL: |  1  2  3  4  5  6  7 |
---------------+----------------------+-----
Dodging        | 2 |  2.6
Fighting       | 2 3 4 |  4.6
Shapeshifting  | 4 5 6 |  6.3
Unarmed Combat | 4 |  4.2

Action                     |  1- 3 |  4- 6 |  7- 9 || total
---------------------------+-------+-------+-------++-------
  Melee: Unarmed           |   107 |   153 |    81 ||   341
         Tailslap          |     6 |    15 |     4 ||    25
         Punch             |     3 |     4 |     3 ||    10
  Throw: Dart              |       |     7 |     2 ||     9
Ability: Lunge             |    21 |    25 |     7 ||    53
         Whirlwind         |    21 |    38 |    27 ||    86
         Wall Jump         |       |     3 |       ||     3
    Use: Scroll            |     4 |     5 |     1 ||    10
         Potion            |       |       |     1 ||     1
   Stab: Sleeping          |     1 |       |       ||     1
 Armour: Skin              |    36 |    68 |    39 ||   143
  Dodge: Dodged            |    38 |    47 |    32 ||   117
